 Dungeon Crawl Stone Soup version 0.27.0-1-g7a089689b8 (webtiles) character file.

Game seed: 3457886457062088964

175295 Smaepdii the Executioner (level 17, -11/160 HPs)
             Began as a Minotaur Berserker on Aug 14, 2021.
             Was a High Priest of Trog.
             Mangled by an emperor scorpion (19 damage)
             ... on level 4 of the Spider Nest on Aug 15, 2021.
             The game lasted 02:03:22 (36368 turns).

Smaepdii the Executioner (Minotaur Berserker)      Turns: 36368, Time: 02:03:22

Health: -11/160    AC: 33    Str: 26      XL:     17   Next: 47%
Magic:  0/16       EV: 13    Int: 13 (15) God:    Trog [*****.]
Gold:   3380       SH: 21    Dex: 21      Spells: 16/16 levels left

rFire    + . .     SeeInvis .   x - +11 hand axe "Asapheh" {freeze, Str+2 Int+3}
rCold    + + .     Faith    .   R - +2 tower shield {rC+}
rNeg     . . .     Spirit   +   v - +1 plate armour {rF+}
rPois    .         Reflect  .   B - +1 hat
rElec    .         Harm     .   L - +2 cloak {Will+}
rCorr    .         Rampage  +   r - +1 pair of gloves of Pucotena {Dex+2}
Will     ++...                  O - +2 pair of boots {rampage}
Stlth    ..........             M - amulet of guardian spirit
HPRegen  0.36/turn              A - +4 ring of protection
MPRegen  0.15/turn              C - ring of Modesty {Drain rC+ Int+8 Dex+4 Stlth+}

@: on berserk cooldown, slowed, very slow
A: horns 2, retaliatory headbutt
a: Renounce Religion, Berserk, Trog's Hand, Brothers in Arms


You were on level 4 of the Spider Nest.
You worshipped Trog.
Trog was extremely pleased with you.
You visited 4 branches of the dungeon, and saw 27 of its levels.
You also visited: Sewer, Bailey, Ice Cave and Volcano.

You collected 3710 gold pieces.
You spent 330 gold pieces at shops.

Inventory:

Hand Weapons
 x - the +11 hand axe "Asapheh" (weapon) {freeze, Str+2 Int+3}
   (You found it in an ice cave)

   It freezes those it strikes, dealing additional cold damage.
   It can also slow down cold-blooded creatures.
   Str:       It affects your strength (+2).
   Int:       It affects your intelligence (+3).
 P - the +3 broad axe "Ighev" {vorpal, rElec rPois Will- Stlth-}
   (Trog gifted it to you on level 4 of the Lair of Beasts)

   It inflicts extra damage upon your enemies.
   rElec:     It insulates you from electricity.
   rPois:     It protects you from poison.
   Will:      It decreases your willpower.
   Stlth:     It makes you less stealthy.
 W - a +9 vorpal executioner's axe
 Z - a +5 antimagic broad axe
Missiles
 n - 10 boomerangs of dispersal (quivered)
 E - 6 throwing nets
Armour
 j - a +1 plate armour of cold resistance
 r - the +1 pair of gloves of Pucotena (worn) {Dex+2}
   (You found it on level 5 of the Dungeon)

   Dex:       It affects your dexterity (+2).
 v - a +1 plate armour of fire resistance (worn)
 w - the +6 ring mail of the Realm of Zot {Dex+3}
   (You found it on level 6 of the Dungeon)

   Dex:       It affects your dexterity (+3).
 B - a +1 hat (worn)
 L - a +2 cloak of willpower (worn)
 O - a +2 pair of boots of rampaging (worn)
 R - a +2 tower shield of cold resistance (worn)
Jewellery
 e - an amulet of reflection
 m - an amulet of regeneration
 p - a ring of protection from cold
 A - a +4 ring of protection (left hand)
 C - the ring of Modesty (right hand) {Drain rC+ Int+8 Dex+4 Stlth+}
   (You found it in an ice cave)

   [ring of protection from cold]

   Int:       It affects your intelligence (+8).
   Dex:       It affects your dexterity (+4).
   rC:        It protects you from cold.
   Drain:     It drains your maximum health when unequipped.
   Stlth:     It makes you more stealthy.
 G - the amulet of the Median {Faith rF- rC+ rCorr Str+3}
   (You found it on level 2 of the Spider Nest)

   [amulet of faith]

   It allows you to gain divine favour quickly.
   Str:       It affects your strength (+3).
   rF:        It makes you vulnerable to fire.
   rC:        It protects you from cold.
   rCorr:     It protects you from acid and corrosion.
 J - a ring of resist corrosion
 M - an amulet of guardian spirit (around neck)
Wands
 l - a wand of charming (9)
 s - a wand of iceblast (57)
 t - a wand of digging (11)
 F - a wand of paralysis (21)
 N - a wand of acid (24)
 U - a wand of polymorph (15)
 V - a wand of mindburst (31)
 Y - a wand of flame (69)
Scrolls
 a - a scroll of enchant weapon
 i - 6 scrolls of fear
 o - a scroll of enchant armour
 q - 7 scrolls of teleportation
 u - 5 scrolls of blinking
 y - 2 scrolls of holy word
 I - 5 scrolls of fog
 K - a scroll of silence
 S - a scroll of summoning
 T - 3 scrolls of magic mapping
 X - 2 scrolls of identify
Potions
 c - 4 potions of flight
 d - a potion of heal wounds
 f - 3 potions of mutation
 g - 3 potions of might
 h - 13 potions of ambrosia
 k - 5 potions of berserk rage
 z - 2 potions of cancellation
 D - 2 potions of magic


   Skills:
 + Level 16.6 Fighting
 * Level 21.9 Axes
 + Level 16.4 Armour
 - Level 14.1 Dodging
 * Level 10.1 Shields


You had 16 spell levels left.
You didn't know any spells.
Your spell library contained the following spells:

 Spells                   Type           Power      Damage    Failure   Level
 Stone Arrow              Conj/Erth      0%         3d7       100%        3
 Animate Armour           Summ/Erth      0%         N/A       100%        4
 Lehudib's Crystal Spear  Conj/Erth      0%         10d2      100%        8


Dungeon Overview and Level Annotations

Branches:
Dungeon (15/15)            Temple (0/1) D:5            Lair (6/6) D:9
 Shoals (0/4) Lair:2       Spider (4/4) Lair:2        Slime (0/5) Lair:5
    Orc (2/2) D:10            Elf (0/3) Orc:2        Vaults (0/5) D:14
 Depths (0/5) D:15          Sewer (visited)          Bailey (visited)
  IceCv (visited)         Volcano (visited)

Altars:
Dithmenos
Kikubaaqudgha
Makhleb
Nemelex Xobeh
Ru
Sif Muna
Xom
Beogh
Jiyva
Lugonu

Shops:
D:8 ?   D:10 !   Orc:2 *![[

Portals:
Hell: Lair:6

Annotations:
D:9 2 transporters
Lair:5 exclusion: oklob plant


Innate Abilities, Weirdness & Mutations

You have a pair of horns on your head.
You reflexively headbutt those who attack you in melee.


Message History

The redback misses you.
An orb of destruction comes into view.
You barely miss something. You slash the moth of wrath!
You freeze the moth of wrath. You barely miss the wolf spider.
You closely miss the redback. The redback bites you!!
* * * LOW HITPOINT WARNING * * *
The wolf spider closely misses you. You block the wolf spider's attack.
The moth of wrath goads the wolf spider on!
The wolf spider goes berserk!
You feel you are being watched by something.
Something hits you but does no damage. Something hits you.
* * * LOW HITPOINT WARNING * * *
Something stings you but does no damage.
The redback bites you but does no damage.
You block the wolf spider's attack.
The wolf spider bites you but does no damage.
The moth of wrath bites you but does no damage.
You block the redback's attack.
You feel you are being watched by something.
You block something's attack. Something hits you but does no damage.
Something stings you but does no damage.
An emperor scorpion comes into view.
You block the orb of destruction.
The orb of destruction dissipates.
The orb spider begins to weave its threads into a brightly glowing ball.
You feel much better. The wolf spider hits you.
* * * LOW HITPOINT WARNING * * *
The wolf spider bites you but does no damage.
You block the redback's attack. You block the wolf spider's attack.
The wolf spider bites you but does no damage.
The redback bites you but does no damage.
The moth of wrath goads the emperor scorpion on!
The emperor scorpion goes berserk!
The wolf spider hits you!!
* * * LOW HITPOINT WARNING * * *
You block the wolf spider's attack.
You feel you are being watched by something.
Something hits you but does no damage. x2
Something stings you but does no damage.
The redback bites you but does no damage.
The emperor scorpion stings you!!
You die...

$#(#..≈### . .....^≈^#
###. .. .......###..##
... .......##...####
...........≈...###.#
#...s#○..[.#...#..###
≈≈≈≈..sss#.#...#....# ≈
#y@#†#......^..#
≈≈≈≈≈≈.#{†.≈#....#.###
##≈≈≈≈≈≈........#....##
##≈≈≈≈..^.........^.^#
##≈≈≈..#.≈#.##..#.#.#
≈≈#
#≈≈≈..^...^^...#...##
≈≈#
#≈≈≈....#...#.^.^^#.#
≈≈#
#≈≈≈....#.^...##.....
≈≈#
#≈≈≈....#.......^...#


You could see an emperor scorpion (berserk), a wolf spider (berserk), a moth of
wrath, an orb spider (charged) and a redback (berserk).

Vanquished Creatures
  Saint Roka (Orc:2)
  Nikola (Spider:1)
  An azure jelly (IceCv)
  A ghost moth (Spider:3)
  3 emperor scorpions
  The ghost of Bolleh the Thaumaturge, a journeyman GnSk of Makhleb (Spider:1)
  Louise (Spider:1)
  A quicksilver ooze (IceCv)
  The ghost of Mumum the Arsonist, a journeyman DrFE of Vehumet (Lair:5)
  A dire elephant (Lair:6)
  Azrael (Orc:2)
  An entropy weaver (Spider:4)
  A spark wasp (Spider:2)
  Snorg (Lair:5)
  Josephine (D:12)
  3 fire dragons
  An ice dragon (D:13)
  Erolcha (D:13)
  8 boulder beetles
  12 hydras
  Harold (Orc:1)
  A hell beast (Lair:6)
  A rakshasa (D:11)
  Fannar (D:12)
  A catoblepas (D:15)
  7 centaur warriors
  Erica (Orc:1)
  2 dancing weapons (D:14)
  7 two-headed ogres
  7 death yaks
  4 orc high priests (Orc:2)
  A fire crab (shapeshifter) (D:14)
  A wizard (Lair:6)
  2 lindwurms
  7 orc knights
  4 deep elf pyromancers
  3 orc sorcerers (Orc:2)
  16 orb spiders
  21 wolf spiders
  A manticore (Lair:5)
  5 cyclopes
  3 ugly things
  8 black mambas
  15 elephants
  14 cane toads
  2 ice statues (IceCv)
  A smoke demon (Lair:6)
  A torpor snail (Lair:6)
  A cane toad (shapeshifter) (D:14)
  2 molten gargoyles (Volcano)
  An unseen horror (D:12)
  5 rime drakes
  6 komodo dragons
  An orange demon (Lair:6)
  A kobold demonologist (D:12)
  2 tengu conjurers (D:13)
  3 efreet
  3 entropy weaver simulacra (IceCv)
  13 demonic crawlers
  3 ice devils (Lair:6)
  A freezing wraith (D:14)
  2 red devils (Lair:6)
  A queen bee (Lair:2)
  4 polar bears
  3 hornets
  8 trolls
  17 blink frogs
  34 jumping spiders
  A jumping spider (shapeshifter) (D:14)
  31 slime creatures
  A vampire (D:13)
  A centaur simulacrum (D:15)
  54 redbacks
  A water elemental (D:13)
  3 shadows
  16 wyverns
  50 yaks
  3 fire elementals (Orc:2)
  24 tarantellas
  6 basilisks
  5 fire bats (Volcano)
  5 wraiths
  14 vampire mosquitoes
  5 steam dragons
  A golden eye (shapeshifter) (D:13)
  Eustachio (D:5)
  4 wargs
  3 demonic crawler simulacra (IceCv)
  11 hell hounds
  8 water moccasins
  50 orc warriors
  2 ugly thing simulacra (IceCv)
  12 ogres
  5 sky beasts
  A black bear (shapeshifter) (D:14)
  23 wolves
  13 centaurs
  5 kobold brigands (Sewer)
  6 bullfrogs
  3 glowing shapeshifter simulacra (IceCv)
  A gnoll sergeant (D:10)
  A scorpion (D:4)
  A wyvern zombie (D:8)
  29 killer bees
  11 wights
  2 electric eels (D:13)
  4 howler monkeys
  3 centaur zombies
  4 lava snakes (Volcano)
  A jelly (D:6)
  A centaur skeleton (D:7)
  2 hounds
  32 orc priests
  Crazy Yiuf (D:5)
  Jessica (D:2)
  14 orc wizards
  Ijyb (D:5)
  Terence (D:2)
  2 iguanas
  14 hell rats (Lair:4)
  2 howler monkey zombies
  4 gnolls (D:10)
  6 adders
  3 river rats (Sewer)
  An adder skeleton (D:4)
  4 worms
  3 dart slugs
  101 orcs
  8 ball pythons
  9 endoplasms
  2 giant cockroaches (D:1)
  16 goblins
  2 hobgoblins (D:1)
  20 kobolds
  3 quokkas (D:1)
  3 bats
  2 frilled lizards
  7 rats
  A bush (Lair:6)
982 creatures vanquished.

Vanquished Creatures (collateral kills)
  An azure jelly (IceCv)
  An orb spider (Spider:1)
  A jumping spider (Spider:1)
  A warg (Orc:2)
  A water moccasin (Lair:1)
  An orc priest (Orc:2)
  An orc (Orc:2)
7 creatures vanquished.

Vanquished Creatures (others)
  An orb spider (Spider:4)
  A redback (Spider:1)
  2 tarantellas (Spider:4)
  An orc (Orc:1)
  26 fungi
  32 plants
63 creatures vanquished.

Grand Total: 1052 creatures vanquished

Notes
Turn   | Place    | Note
-------+----------+-------------------------------------------
     0 | D:1      | Smaepdii the Minotaur Berserker began the quest for the
                  | Orb.
     0 | D:1      | Reached XP level 1. HP: 19/19 MP: 0/0
   123 | D:1      | Reached XP level 2. HP: 6/27 MP: 1/1
   371 | D:1      | Reached skill level 4 in Axes
  1054 | D:1      | Reached XP level 3. HP: 33/33 MP: 2/2
  1285 | D:2      | Noticed Terence
  1301 | D:2      | Killed Terence
  1302 | D:2      | Reached XP level 4. HP: 25/40 MP: 3/3
  1465 | D:2      | Reached ** piety under Trog
  1613 | D:2      | Noticed Jessica
  1617 | D:2      | Killed Jessica
  1618 | D:2      | Reached skill level 5 in Axes
  1789 | D:2      | Found a faded altar of an unknown god.
  2614 | D:3      | Reached XP level 5. HP: 47/47 MP: 4/4
  3324 | D:4      | Noticed a steam dragon
  3331 | D:4      | Killed a steam dragon
  3332 | D:4      | Reached XP level 6. HP: 55/55 MP: 5/5
  3592 | D:4      | Reached skill level 5 in Fighting
  3592 | D:4      | Reached skill level 6 in Axes
  4001 | D:4      | Reached XP level 7. HP: 61/61 MP: 6/6
  4636 | D:5      | Entered Level 5 of the Dungeon
  4644 | D:5      | Reached skill level 7 in Axes
  4904 | D:5      | Noticed a wyvern
  4911 | D:5      | Killed a wyvern
  4912 | D:5      | Reached skill level 5 in Armour
  4977 | D:5      | Identified the +1 pair of gloves of Pucotena {Dex+2}
  5097 | D:5      | Found a staircase to the Ecumenical Temple.
  5137 | D:5      | Noticed Ijyb
  5142 | D:5      | Killed Ijyb
  5303 | D:5      | Found a runed translucent door.
  5304 | D:5      | Noticed Crazy Yiuf
  5398 | D:5      | Noticed Eustachio
  5400 | D:5      | Killed Eustachio
  5400 | D:5      | Reached *** piety under Trog
  5401 | D:5      | Reached XP level 8. HP: 70/70 MP: 7/7
  5538 | D:5      | Killed Crazy Yiuf
  5539 | D:5      | Reached skill level 8 in Axes
  5667 | D:6      | Reached skill level 5 in Dodging
  5671 | D:6      | Found a glowing drain.
  5686 | Sewer    | Entered a sewer
  6620 | Sewer    | Reached skill level 9 in Axes
  6713 | D:6      | Identified the +6 ring mail of the Realm of Zot {Dex+3}
  7267 | D:7      | Reached XP level 9. HP: 77/79 MP: 8/8
  7390 | D:7      | Reached **** piety under Trog
  7416 | D:7      | Reached skill level 10 in Axes
  8112 | D:8      | Found a sacrificial altar of Ru.
  8242 | D:8      | Found a shadowy altar of Dithmenos.
  8251 | D:8      | Found Wipoubbuss's Magic Scroll Shoppe.
  8264 | D:8      | Bought a scroll of enchant weapon for 105 gold pieces
  8452 | D:8      | Found a shimmering altar of Xom.
  8452 | D:8      | Found an ancient bone altar of Kikubaaqudgha.
  8849 | D:9      | Found a staircase to the Lair.
  8854 | D:9      | Reached skill level 11 in Axes
  9175 | D:9      | Noticed a green ugly thing
  9175 | D:9      | Noticed a purple ugly thing
  9177 | D:9      | Noticed a red ugly thing
  9178 | D:9      | Noticed a purple ugly thing
  9178 | D:9      | Found a corrupted altar of Lugonu.
  9480 | D:9      | Found a transporter.
  9482 | D:9      | Found a transporter.
  9677 | D:10     | Entered Level 10 of the Dungeon
  9695 | D:10     | Reached XP level 10. HP: 86/90 MP: 9/9
  9901 | D:10     | Found Kuaq's Distillery.
  9902 | D:10     | Noticed a two-headed ogre
  9910 | D:10     | Killed a two-headed ogre
  9975 | D:10     | Reached skill level 12 in Axes
 10083 | D:10     | Found a flagged portal.
 10097 | Bailey   | Entered a bailey
 10392 | Bailey   | Reached ***** piety under Trog
 10406 | Bailey   | Noticed an orc knight
 10406 | Bailey   | Noticed an orc knight
 11116 | Bailey   | Killed an orc knight
 11132 | Bailey   | Killed an orc knight
 11606 | D:10     | Found a staircase to the Orcish Mines.
 11610 | D:10     | Reached XP level 11. HP: 99/99 MP: 10/10
 12027 | D:11     | Reached skill level 13 in Axes
 12049 | D:11     | Reached skill level 10 in Fighting
 12254 | D:11     | Noticed a rakshasa
 12271 | D:11     | Killed a rakshasa
 12379 | D:11     | Noticed a purple ugly thing
 12380 | D:11     | Noticed a cyan ugly thing
 12387 | D:11     | Killed a purple ugly thing
 12388 | D:11     | Reached skill level 10 in Armour
 12391 | D:11     | Killed a cyan ugly thing
 12659 | D:11     | Found a sparkling altar of Nemelex Xobeh.
 12734 | D:11     | Noticed a two-headed ogre
 12746 | D:11     | Killed a two-headed ogre
 12747 | D:11     | Reached skill level 14 in Axes
 12978 | Lair:1   | Entered Level 1 of the Lair of Beasts
 12993 | Lair:1   | Noticed a six-headed hydra
 13005 | Lair:1   | Killed an 11-headed hydra
 13145 | Lair:1   | Noticed an eight-headed hydra
 13158 | Lair:1   | Killed an 11-headed hydra
 13330 | Lair:1   | Identified the +2 leather armour of Juaqeafo {Will+}
 13602 | Lair:1   | Identified the +0 leather armour of the Marlin {rC+}
 13626 | Lair:1   | Reached XP level 12. HP: 110/110 MP: 11/11
 14055 | Lair:2   | Reached skill level 10 in Dodging
 14318 | Lair:2   | Reached skill level 15 in Axes
 14324 | Lair:2   | Received a gift from Trog
 14905 | Lair:2   | Found a staircase to the Shoals.
 15009 | Lair:2   | Found a hole to the Spider Nest.
 15453 | Lair:3   | Noticed a death yak
 15455 | Lair:3   | Noticed a death yak
 15457 | Lair:3   | Noticed a death yak
 15459 | Lair:3   | Noticed a death yak
 15459 | Lair:3   | Noticed a death yak
 15462 | Lair:3   | Killed a death yak
 15463 | Lair:3   | Noticed a death yak
 15465 | Lair:3   | Killed a death yak
 15470 | Lair:3   | Killed a death yak
 15473 | Lair:3   | Killed a death yak
 15473 | Lair:3   | Killed a death yak
 15474 | Lair:3   | Reached skill level 16 in Axes
 15476 | Lair:3   | Killed a death yak
 15601 | Lair:3   | Reached XP level 13. HP: 114/118 MP: 12/12
 16191 | Lair:4   | Received a gift from Trog
 16883 | Lair:4   | Reached skill level 17 in Axes
 16883 | Lair:4   | Identified the +3 broad axe "Ighev" {vorpal, rElec rPois
                  | Will- Stlth-} (Trog gifted it to you on level 4 of the Lair
                  | of Beasts)
 16883 | Lair:4   | Received a gift from Trog
 17403 | Lair:5   | Found a staircase to the Slime Pits.
 17403 | Lair:5   | Found a viscous altar of Jiyva.
 17852 | Lair:5   | Identified the +9 mace "Rovifi" {spect, rCorr SInv}
 18182 | Lair:5   | Found a runed translucent gate.
 18182 | Lair:5   | Found a runed translucent gate.
 18182 | Lair:5   | Found a runed translucent gate.
 18184 | Lair:5   | Noticed Mumum's ghost (journeyman DrFE)
 18235 | Lair:5   | Noticed Snorg
 18425 | Lair:5   | Killed Snorg
 18522 | Lair:5   | Killed Mumum's ghost
 19030 | Lair:5   | Reached XP level 14. HP: 129/129 MP: 13/13
 19234 | Lair:6   | Entered Level 6 of the Lair of Beasts
 19432 | Lair:6   | Reached skill level 18 in Axes
 19478 | Lair:6   | Received a gift from Trog
 19933 | Lair:6   | Found a burning altar of Makhleb.
 19956 | Lair:6   | HP: 5/130 [hell beast (17)]
 20711 | Lair:6   | Found a gateway to Hell.
 20718 | Lair:6   | Identified the +5 ring mail of Rationality {Will+ MP+9}
 20926 | Lair:6   | Reached ****** piety under Trog
 21355 | Lair:6   | Found the +8 longbow "Zephyr" {speed, Dex+3 SInv}
 21650 | Orc:1    | Entered Level 1 of the Orcish Mines
 21650 | Orc:1    | Noticed Harold
 21721 | Orc:1    | Killed Harold
 21945 | Orc:2    | Entered Level 2 of the Orcish Mines
 22052 | Orc:1    | Found a dark tunnel.
 22063 | Volcano  | Entered a volcano
 22243 | Volcano  | Found a burning altar of Makhleb.
 22637 | Orc:1    | Noticed Erica
 22654 | Orc:1    | Killed Erica
 22654 | Orc:1    | Received a gift from Trog
 23004 | Orc:2    | Noticed Azrael
 23013 | Orc:2    | Reached skill level 19 in Axes
 23024 | Orc:2    | Killed Azrael
 23423 | Orc:2    | Reached XP level 15. HP: 135/139 MP: 14/14
 23494 | Orc:2    | Noticed Saint Roka
 23588 | Orc:2    | Killed Saint Roka
 24091 | Orc:2    | Found Ufiyt's Assorted Antiques.
 24376 | Orc:2    | Bought a scroll of enchant armour for 225 gold pieces
 24376 | Orc:2    | Identified a scroll of acquirement
 24378 | Orc:2    | Acquired 894 gold pieces
 24404 | Orc:2    | Found Famiwa's Distillery.
 24684 | Orc:2    | Found a staircase to the Elven Halls.
 24919 | Orc:2    | Found Qaxugaux's Antique Armour Boutique.
 25089 | Orc:2    | Found Kyegrysm's Armour Shop.
 25559 | D:12     | Noticed Josephine
 25568 | D:12     | Killed Josephine
 26072 | D:12     | Noticed Fannar
 26082 | D:12     | Killed Fannar
 26083 | D:12     | Reached skill level 15 in Fighting
 26581 | D:13     | Found a shimmering blue altar of Sif Muna.
 26584 | D:13     | Reached skill level 20 in Axes
 26735 | D:13     | Found a frozen archway.
 26764 | IceCv    | Entered an ice cave
 26948 | IceCv    | Reached skill level 15 in Armour
 27244 | IceCv    | Received a gift from Trog
 27516 | IceCv    | Found a viscous altar of Jiyva.
 27516 | IceCv    | Noticed an azure jelly
 27524 | IceCv    | Killed an azure jelly
 27525 | IceCv    | Noticed an azure jelly
 27537 | IceCv    | Killed an azure jelly
 27666 | IceCv    | Got the +11 hand axe "Asapheh" {freeze, Str+2 Int+3}
 27670 | IceCv    | Identified the ring of Modesty {Drain rC+ Int+8 Dex+4
                  | Stlth+}
 27785 | D:13     | Noticed Erolcha
 27792 | D:13     | Killed Erolcha
 27793 | D:13     | Reached XP level 16. HP: 149/149 MP: 13/15
 28041 | D:13     | Reached skill level 1 in Shields
 28769 | D:14     | Found a gate to the Vaults.
 29192 | D:15     | Entered Level 15 of the Dungeon
 29255 | D:15     | HP: 4/149 [boulder beetle (9)]
 30348 | D:15     | Reached skill level 5 in Shields
 30356 | D:15     | Found a staircase to the Depths.
 30779 | Spider:1 | Entered Level 1 of the Spider Nest
 31089 | Spider:1 | Reached skill level 21 in Axes
 31916 | Spider:1 | Found a transporter.
 31919 | Spider:1 | Noticed Bolleh's ghost (journeyman GnSk)
 31949 | Spider:1 | Noticed Louise
 31961 | Spider:1 | Killed Louise
 32111 | Spider:1 | Found a transporter.
 32118 | Spider:1 | Noticed Nikola
 32132 | Spider:1 | Killed Nikola
 33103 | Spider:1 | Killed Bolleh's ghost
 33965 | Spider:2 | Received a gift from Trog
 34131 | Spider:2 | Identified the amulet of the Median {Faith rF- rC+ rCorr
                  | Str+3}
 34473 | Spider:2 | Reached XP level 17. HP: 158/158 MP: 16/16
 35499 | Spider:4 | Entered Level 4 of the Spider Nest
 36056 | Spider:4 | Identified the +4 scale mail of the Vaults {rN+ Str+3
                  | Int+3}
 36347 | Spider:4 | Reached skill level 10 in Shields
 36367 | Spider:4 | HP: 7/160 [redback (19)]
 36368 | Spider:4 | Mangled by an emperor scorpion

Illustrated notes

Levels and vault maps discovered:
D:1:      scummos_arrival_simple_fountains, layout_basic
D:2:      layout_rooms, hellmonk_ecumenical_altar_arch_garden, uniq_terence,
          uniq_jessica
D:3:      layout_basic, minmay_goblin_kobold_house
D:4:      layout_layer_cave, minmay_misc_feat_iff
D:5:      layout_loops_cross, minmay_temple_entry_antechambers, uniq_eustachio,
          uniq_crazy_yiuf_cottage, uniq_ijyb
D:6:      layout_rooms, cheibrodos_sewer_entry_drain, bh_walls_and_bars
D:7:      layout_basic
D:8:      layout_basic, grunt_temple_overflow_open,
          gammafunk_temple_overflow_pools, serial_shops, shop
D:9:      gammafunk_corrupted_shrine, layout_long_grid, dpeg_oklobed_lair,
          minmay_misc_feat_more_columns
D:10:     layout_basic, erik_orc_4, serial_shops, shop, enter_bailey_3
D:11:     layout_rooms, nemelex_diamond_rough_becter
D:12:     layout_irregular_city, uniq_fannar, uniq_josephine
D:13:     layout_cave_pods, portal_ice_cave_entry_animals_and_master,
          serial_park, serial_park_tiny_2, serial_park_tiny_pond,
          serial_park_tiny_2, serial_park_fountain, serial_park_tiny_1,
          led_sif_pool, uniq_erolcha
D:14:     layout_gridville, erik_vaults_1, chequers_decorated_corner
D:15:     grunt_enter_depths_hoard, layout_basic, minmay_large_rounded_square,
          chequers_jeans
Lair:1:   layout_roguey, lemuel_old_faithful
Lair:2:   layout_roguey [special_room_bee], minmay_shoals_entry_centaurs,
          spider_nest_entry_funnel_web, chequers_serial_rivers_small_b
Lair:3:   layout_roguey
Lair:4:   layout_long_grid, special_room [special_room_mythical_zoo],
          lemuel_fruit_tree, grunt_megastairs_2, infiniplex_staircase_pool_2
Lair:5:   layout_hall_layers, slime_altar_1, gammafunk_ghost_split, uniq_snorg
Lair:6:   evil_forest, layout_small_grid, nicolae_quartered_pool_medium,
          grunt_forest_small_clearing_treed, grunt_megastairs_5
Spider:1: layout_chambers, gammafunk_ghost_arena,
          hangedman_spider_tarantella_strand, uniq_nikola, uniq_louise
Spider:2: layout_chambers
Spider:3: layout_spider_delve, spiders_nest_ghost_moth_duel
Spider:4: grunt_spider_rune_island
Orc:1:    layout_caves, nicolae_volcano_entry_lava_flow, uniq_erica, uniq_harold
Orc:2:    pubby_orc_utopia, uniq_azrael

Skill      XL: |  1  2  3  4  5  6  7  8  9 10 11 12 13 14 15 16 17 |
---------------+----------------------------------------------------+-----
Axes           | 4 5 6 7 9 11 12 14 16 17 19 20 21 | 21.9
Fighting       | 4 5 6 7 8 9 11 12 13 14 15 16 | 16.6
Armour         | 3 4 5 6 8 9 10 11 13 14 15 16 | 16.4
Dodging        | 3 4 6 7 8 9 11 12 13 14 | 14.1
Shields        | 8 10 | 10.1

Action                   |  1- 3 |  4- 6 |  7- 9 | 10-12 | 13-15 | 16-18 || total
-------------------------+-------+-------+-------+-------+-------+-------++-------
Melee: Hand axe          |    15 |       |       |       |       |   529 ||   544
       Headbutt          |     6 |     6 |    29 |    53 |   178 |   220 ||   492
       Dagger            |    49 |    64 |       |       |       |       ||   113
       Battleaxe         |       |     6 |   170 |   296 |    22 |       ||   494
       Executioner's axe |       |       |       |       |   782 |   132 ||   914
Throw: Dart              |       |       |       |     6 |     4 |       ||    10
       Boomerang         |       |       |       |       |     1 |       ||     1
Invok: Berserk           |       |     5 |     9 |    11 |    25 |    17 ||    67
       Trog's Hand       |       |       |     1 |     3 |     8 |     1 ||    13
       Brothers in Arms  |       |       |       |     1 |     3 |     1 ||     5
Evoke: Wand              |       |       |       |     9 |    12 |       ||    21
  Use: Scroll            |       |     8 |    18 |       |    10 |     6 ||    42
       Potion            |       |       |     1 |     2 |    12 |     8 ||    23
 Stab: Distracted        |       |       |       |     1 |     1 |       ||     2
       Confused          |       |       |       |       |       |     2 ||     2
       Petrified         |       |       |       |       |       |     1 ||     1
Armor: Animal skin       |     4 |       |       |       |       |       ||     4
       Leather armour    |     6 |    13 |     1 |       |       |       ||    20
       Ring mail         |       |       |    45 |    83 |       |       ||   128
       Scale mail        |       |       |    27 |       |       |       ||    27
       Plate armour      |       |       |       |   176 |   690 |   541 ||  1407
Dodge: Dodged            |    35 |    28 |   120 |   359 |   669 |   376 ||  1587
Block: Tower shield      |       |       |       |       |       |   696 ||   696
